 Dungeon Crawl Stone Soup version 0.30-a0-930-gb9d0489357 (webtiles) character file.

Game seed: 7652406462315420634

383601 jasper the Impregnable (level 21, -4/189 HPs)
             Began as a Demonspawn Cinder Acolyte on Mar 23, 2023.
             Was a High Priest of Okawaru.
             Engulfed by a death drake's foul pestilence (7 damage)
             ... summoned by a white draconian stormcaller
             ... on level 4 of the Realm of Zot.
             The game lasted 01:44:41 (40700 turns).

jasper the Impregnable (Demonspawn Cinder Acolyte) Turns: 40700, Time: 01:44:42

Health: -4/189     AC: 41    Str: 22 (25) XL:     21   Next: 60%
Magic:  26/26      EV:  6    Int: 20 (21) God:    Okawaru [*****.]
Gold:   1624       SH: 14    Dex:  7 (10) Spells: 20/22 levels left

rFire   + . .      SeeInvis +    t - +9 demon whip (pain)
rCold   + + +      Faith    .    R - +2 kite shield {rC+ rF+}
rNeg    + . .      Spirit   .    S - +6 gold dragon scales
rPois   +          Reflect  .    i - +3 crown of Dyrovepreva {rElec Int+2 SInv}
rElec   +          Rampage  .    (cloak unavailable)
rCorr   +                        W - +1 pair of gloves of the Turtledove {rC+ Stlth+}
Will    +....                    N - +0 pair of boots Stlth
                                 C - amulet of regeneration
HPRegen 1.31/turn                m - ring of Efuroczi {rPois rN+ rCorr Str+2 Int+2}
MPRegen 0.20/turn                a - +4 ring of slaying

@: hasted, very quick
A: icemail 2, powered by pain 3, sharp scales 3, condensation shield, weakness
stinger 3, antennae 1, deterioration 1, poison resistance, no potion heal 1,
heat vulnerability 1, subdued magic 1, inability to read after injury 1
0: Orb of Zot
}: 3/15 runes: barnacled, slimy, gossamer
a: Renounce Religion, Heroism, Finesse, Duel


You were on level 4 of the Realm of Zot.
You worshipped Okawaru.
Okawaru was extremely pleased with you.
You visited 9 branches of the dungeon, and saw 47 of its levels.
You also visited: Gauntlet and Ice Cave.

You collected 4303 gold pieces.
You spent 2679 gold pieces at shops.

Inventory:

Hand Weapons
 t - a +9 demon whip of pain (weapon)
 G - the +5 demon whip "Spellbinder" {antimagic, disrupt, Will+}
   (You took it off a deep elf demonologist on level 3 of the Elven Halls)

   Will:      It increases your willpower.
 Q - a +0 demon whip of electrocution
Missiles
 f - 2 silver boomerangs (quivered)
 q - 27 poisoned darts
 r - 8 datura-tipped darts
 x - 6 javelins
 z - 7 throwing nets
 A - 6 silver javelins
 P - 9 curare-tipped darts
 T - 13 atropa-tipped darts
Armour
 i - the +3 crown of Dyrovepreva (worn) {rElec Int+2 SInv}
   (You found it on level 5 of the Pits of Slime)

   Int:       It affects your intelligence (+2).
   rElec:     It insulates you from electricity.
   SInv:      It lets you see invisible.
 s - the +0 kite shield "Ackot" {rElec Will++ Dex-4}
   (Okawaru gifted it to you on level 3 of the Elven Halls)

   Dex:       It affects your dexterity (-4).
   rElec:     It insulates you from electricity.
   Will:      It greatly increases your willpower.
 E - the +1 hat of the Illusory Bounties {Str+8 Dex+3}
   (Okawaru gifted it to you on level 3 of the Spider Nest)

   Str:       It affects your strength (+8).
   Dex:       It affects your dexterity (+3).
 N - a +0 pair of boots (worn)
 R - a +2 kite shield of resistance (worn)
 S - +6 gold dragon scales (worn)
 W - the +1 pair of gloves of the Turtledove (worn) {rC+ Stlth+}
   (You found it in a Gauntlet)

   rC:        It protects you from cold.
   Stlth:     It makes you more stealthy.
 X - a +1 kite shield of positive energy
 Y - the +0 hat of Oczaner {Will+ Str+3 Dex+3}
   (You found it in a Gauntlet)

   Str:       It affects your strength (+3).
   Dex:       It affects your dexterity (+3).
   Will:      It increases your willpower.
Jewellery
 a - a +4 ring of slaying (right hand)
 e - the ring "Nuixae" {+Blink rElec rPois Str+6}
   (You bought it in a shop on level 2 of the Orcish Mines)

   [ring of strength]

   Str:       It affects your strength (+6).
   rElec:     It insulates you from electricity.
   rPois:     It protects you from poison.
   +Blink:    It lets you blink.
 m - the ring of Efuroczi (left hand) {rPois rN+ rCorr Str+2 Int+2}
   (You found it on level 5 of the Lair of Beasts)

   [ring of positive energy]

   Str:       It affects your strength (+2).
   Int:       It affects your intelligence (+2).
   rPois:     It protects you from poison.
   rN:        It protects you from negative energy.
   rCorr:     It protects you from acid and corrosion.
 C - an amulet of regeneration (around neck)
Wands
 w - a wand of digging (8)
 F - a wand of light (3)
Scrolls
 c - 3 scrolls of poison
 g - 17 scrolls of teleportation
 h - a scroll of silence
 k - a scroll of amnesia
 y - 4 scrolls of fear
 J - 9 scrolls of fog
 K - 14 scrolls of identify
 M - a scroll of immolation
Potions
 d - 4 potions of attraction
 j - 5 potions of mutation
 n - 14 potions of curing
 p - 6 potions of ambrosia
 u - 8 potions of lignification
 B - 6 potions of cancellation
 D - 2 potions of berserk rage
 I - 5 potions of might
 L - 7 potions of brilliance
 O - 6 potions of resistance
 U - 6 potions of haste
 V - 3 potions of magic
Miscellaneous
 Z - a condenser vane


   Skills:
 + Level 22.2 Fighting
 - Level 12.0 Maces & Flails
 - Level 10.0 Throwing
 + Level 22.4 Armour
 - Level 15.0 Shields
 - Level 1.0 Spellcasting
 - Level 10.0 Necromancy
 - Level 2.6 Fire Magic
 - Level 7.3 Invocations


You had 20 spell levels left.
You knew the following spells:

 Your Spells              Type           Power      Damage    Failure   Level
a - Wereblood             Tmut           0%         N/A       100%        2

Your spell library contained the following spells:

 Spells                   Type           Power      Damage    Failure   Level
 Vampiric Draining        Necr           31%        2d8       21%         3
 Dispel Undead            Necr           31%        3d14      56%         4
 Cigotuvi's Dreadful Rot  Necr/Pois/Air  22%        N/A       86%         2
 Scorch                   Fire           18%        2d6       92%         2
 Foxfire                  Conj/Fire      16%        2x1d4     94%         1
 Slow                     Hex            0%         N/A       99%         1
 Sting                    Tmut/Pois      0%         1d3       99%         1
 Anguish                  Hex/Necr       8%         N/A       99%         4
 Ensorcelled Hibernation  Hex/Ice        0%         N/A       100%        2
 Poisonous Vapours        Pois/Air       0%         N/A       100%        2
 Confusing Touch          Hex            0%         N/A       100%        3
 Frozen Ramparts          Ice            0%         1d1       100%        3
 Ignite Poison            Fire/Tmut/Pois 3%         N/A       100%        3
 Kindle Blastsparks       Fire/Tloc/Air  6%         2d10      100%        3
 Ozocubu's Armour         Ice            0%         N/A       100%        3
 Spider Form              Tmut/Pois      0%         N/A       100%        3
 Fulminant Prism          Conj/Hex       0%         3d5       100%        4
 Ice Form                 Ice/Tmut       0%         N/A       100%        4
 Iskenderun's Mystic Bla  Conj/Tloc      0%         2d3       100%        4
 Olgreb's Toxic Radiance  Pois           0%         N/A       100%        4
 Passage of Golubria      Tloc           0%         N/A       100%        4
 Petrify                  Tmut/Erth      0%         N/A       100%        4
 Sticky Flame             Conj/Fire      4%         2d3       100%        4
 Alistair's Intoxication  Tmut/Pois      0%         N/A       100%        5
 Borgnjor's Vile Clutch   Necr/Erth      8%         N/A       100%        5
 Fireball                 Conj/Fire      2%         3d4       100%        5
 Lee's Rapid Deconstruct  Erth           0%         3d4*      100%        5
 Metabolic Englaciation   Hex/Ice        0%         N/A       100%        5
 Yara's Violent Unravell  Hex/Tmut       0%         3d3       100%        5
 Conjure Ball Lightning   Conj/Air       0%         3x3d6     100%        6
 Eringya's Noxious Bog    Tmut/Pois      0%         N/A       100%        6
 Starburst                Conj/Fire      2%         6d3       100%        6
 Statue Form              Tmut/Erth      0%         N/A       100%        6
 Dragon Form              Tmut           0%         N/A       100%        7
 Enfeeble                 Hex            0%         N/A       100%        7
 Ozocubu's Refrigeration  Ice            0%         4d7       100%        7
 Discord                  Hex            0%         N/A       100%        8
 Disjunction              Tloc           0%         N/A       100%        8
 Ignition                 Fire           4%         3d4       100%        8
 Tukima's Dance           Hex            Unusable   N/A       N/A         3
 Summon Ice Beast         Ice/Summ       Unusable   N/A       N/A         4
 Death Channel            Necr           Unusable   N/A       N/A         6

Dungeon Overview and Level Annotations

Branches:
Dungeon (15/15)            Temple (0/1) D:6            Lair (5/5) D:11
 Shoals (4/4) Lair:3       Spider (4/4) Lair:3        Slime (5/5) Lair:5
    Orc (2/2) D:12            Elf (3/3) Orc:2        Vaults (0/5) D:14
 Depths (4/4) D:15            Zot (5/5) Depths:4      IceCv (visited)
Gauntlet (visited)

Altars:
Dithmenos
Makhleb
Nemelex Xobeh
Okawaru
Qazlal
Ru
Uskayaw
Vehumet
Wu Jian
Yredelemnul
Jiyva

Shops:
D:4 :   D:11 (   D:12 [(*   Orc:1 (   Orc:2 =?=(   Shoals:1 (

Portals:
Hell: Depths:2
Pandemonium: Depths:2
Trove: D:11 (give 4 scrolls of fog)

Annotations:
D:10 2 runed translucent doors, Darkkill's ghost, journeyman MiHu
Lair:2 exclusion: oklob plant
Lair:3 exclusion: oklob plant
Spider:1 1 runed translucent door
Elf:2 3 runed translucent doors, Roxanne


Innate Abilities, Weirdness & Mutations

A meltable icy envelope protects you from harm. (AC +0)
You are powered by pain.
You are completely covered in razor-sharp scales. (AC +3, Slay +3)
A meltable shield of frost defends you. (SH +0)
You have a sharp stinger which inflicts weakening toxins.
You have a pair of small antennae on your head.
Your body sometimes deteriorates upon taking damage.
Your system is resistant to poisons. (rPois)
Potions are less effective at restoring your health.
You are vulnerable to heat. (rF-)
Your spells are a little easier to cast, but a little less powerful.
You occasionally lose the ability to read scrolls when taking damage.


Message History

As you read the scroll of fear, it crumbles to dust.
You assume a fearsome visage.
The white draconian stormcaller looks frightened!
The red draconian scorcher looks frightened!
The white draconian stormcaller looks frightened! x2
The swamp drake looks frightened!
The storm dragon easily resists.
The death drake resists with almost no effort.
The lindwurm easily resists.
The swamp drake looks frightened! x3
The komodo dragon looks frightened!
The swamp drake looks frightened!
The purple draconian looks frightened!
The rime drake looks frightened!
The death drake looks frightened! x2; The black draconian looks frightened!
The purple draconian resists with almost no effort.
The green draconian looks frightened!
The green draconian monk looks frightened!
The yellow draconian looks frightened!
You block the death drake's attack.
The purple draconian cowers, then darts away.
The red draconian scorcher cowers, then darts away.
You feel yourself speed up. You block the death drake's attack.
The lindwurm bites you but does no damage.
The lindwurm claws you but does no damage. x2
Cornered, the white draconian stormcaller turns to fight!
You block the storm dragon's attack.
The storm dragon claws you but does no damage.
The storm dragon tramples you but does no damage.
Cornered, the white draconian stormcaller turns to fight!
Cornered, the red draconian scorcher turns to fight!
Found a stone staircase leading up.
The storm dragon breathes lightning at you.
The bolt of lightning hits you! You resist.
* * * LOW HITPOINT WARNING * * *
The lindwurm breathes flames at you.
The blast of flame hits you but does no damage.
You hear a roar!
You take 7 damage, and have 2/189 hp.
The death drake breathes miasma at you.
The foul vapour engulfs you but does no damage.
The black draconian tries to recover its lost courage.
The white draconian stormcaller mumbles some strange prayers to Qazlal.
You are engulfed in dark miasma.
You die...

###...........>.........d###.,,,,
........###......###.k.......,,,,
........#q#......#q#d..q.....,,,,
..###...###......###...###...,,,,
..#q#...............k..#q#..#,,,,
..###.......d.....k...l###..#*,,,
.............k..○☼○D....k...#*,,,
........###.####○○○○...######,,,,
**,,,,,,**,,,,*#@○○...##*****,,,,
,,,,,,,,,.......○......#,,,,,,*,,
,,,*,,,,,...........#....,,,,**,,
,,**,,**,.......#...##....,,***,,
,,**,,**,......###.##*#...,,* *,,
,***,,***...<..* #.# *...,,* *,,
,* *,***,..##..***.# *,,,,,* *,,
,* *,* *,.#*##.,**.# *,,,,,* *,*
** *,* *,** *,,**,* *,,,,** *,*


You could see a green draconian monk (fleeing), a storm dragon, a purple
draconian, a white draconian stormcaller, 2 death drakes, a lindwurm (summoned,
very poisoned, catching breath) and a komodo dragon (summoned).

Vanquished Creatures
  the Royal Jelly (Slime:5)
  An ancient lich (Zot:5)
  3 dread liches (Zot:5)
  4 orbs of fire
  2 Killer Klowns (Zot:5)
  Saint Roka (Depths:4)
  2 golden dragons
  Arachne (Spider:3)
  2 electric golems (Zot:5)
  6 tentacled monstrosities
  2 Ice Fiends (IceCv)
  2 deep elf blademasters (Elf:3)
  25 Orb Guardians (Zot:5)
  A deep elf master archer (Elf:3)
  6 acid blobs
  Polyphemus (Shoals:3)
  Frances (Spider:2)
  Gastronok (Lair:3)
  A death cob (Zot:4)
  A shadow dragon (Zot:3)
  2 draconian monks
  Kirke (Elf:1)
  2 storm dragons
  A fire giant (Depths:2)
  2 azure jellies
  2 draconian knights
  4 rockslimes
  A draconian scorcher (Zot:2)
  9 emperor scorpions
  3 deep elf sorcerers
  6 ghost moths (Spider:4)
  7 very ugly things
  Aizul (Spider:1)
  A draconian stormcaller (Zot:4)
  2 draconian shifters
  6 deep elf elementalists
  2 stone giants
  4 quicksilver oozes
  Nessos (Orc:2)
  4 purple draconians
  5 deep elf demonologists (Elf:3)
  3 black draconians
  Azrael (Spider:2)
  3 green draconians
  A red draconian (Zot:2)
  7 white draconians
  4 yellow draconians
  2 minotaurs
  7 deep elf annihilators
  5 spark wasps
  7 deep elf death magi
  5 merfolk javelineers
  An ettin (Depths:4)
  An entropy weaver (shapeshifter) (Gauntlet)
  2 entropy weavers
  3 fire dragons
  The ghost of Irudwodgh the Devastator, a journeyman DsCj of Gozag (Lair:4)
  4 merfolk impalers
  4 deep elf high priests
  A rakshasa (D:14)
  5 hydras
  2 jorogumos (Spider:3)
  2 ice dragons (Depths:4)
  2 ogre magi (D:15)
  2 centaur warriors (D:15)
  A radroach (Spider:4)
  4 merfolk avatars
  2 catoblepae
  2 merfolk aquamancers
  6 caustic shrike simulacra (IceCv)
  Erica (D:10)
  5 boulder beetles
  17 dancing weapons
  A deep troll earth mage (Depths:4)
  A two-headed ogre (shapeshifter) (Gauntlet)
  12 two-headed ogres
  A death scarab (Spider:4)
  7 satyrs
  6 deep troll shamans
  An alligator snapping turtle (Shoals:2)
  3 tengu warriors
  4 death yaks (Shoals:3)
  3 spriggan berserkers (Depths:4)
  An orc high priest (Orc:2)
  4 hell knights (Depths:4)
  8 deep elf knights
  3 skysharks
  4 iron trolls
  Amaemon (D:11)
  4 skeletal warriors (D:14)
  8 deep trolls
  13 sea snakes
  15 deep elf archers
  3 pharaoh ants
  15 orb spiders
  3 bog bodies (IceCv)
  A flayed ghost (Depths:4)
  A spriggan simulacrum (IceCv)
  5 steelbarb worms
  A lindwurm (Lair:2)
  A necromancer (Depths:4)
  2 obsidian statues (IceCv)
  7 harpies
  24 deep elf zephyrmancers
  2 orc sorcerers
  26 deep elf pyromancers
  17 ugly things
  15 cyclopes
  24 wolf spiders
  8 orc knights
  A shining eye (Slime:5)
  A moth of wrath (shapeshifter) (Elf:2)
  33 fauns
  12 manticores
  10 moths of wrath
  5 merfolk sirens
  21 elephants
  Maurice (Orc:2)
  An orange demon (D:11)
  4 black mambas
  3 water nymphs
  12 cane toads
  A gargoyle (D:10)
  2 eyes of devastation
  9 demonic crawlers
  Joseph (Lair:1)
  3 rime drakes
  10 komodo dragons
  An efreet (D:14)
  4 tengu conjurers
  4 freezing wraiths (IceCv)
  3 golden dragon simulacra (IceCv)
  A yaktaur (shapeshifter) (Depths:2)
  15 merfolk
  5 trolls
  9 wind drakes
  Grinder (D:6)
  6 meliai
  A wind drake (shapeshifter) (D:15)
  A hornet (shapeshifter) (D:15)
  7 polar bears
  27 tarantellas
  2 dream sheep (Shoals:1)
  A queen bee (shapeshifter) (Gauntlet)
  A raiju (Gauntlet)
  9 hornets
  43 blink frogs
  11 snapping turtles
  5 air elementals
  A centaur simulacrum (D:14)
  28 slime creatures
  29 jumping spiders
  18 culicivoras
  2 spriggans (Depths:4)
  4 wraiths
  10 water elementals
  A yak (shapeshifter) (Gauntlet)
  A shadow (D:9)
  A wyvern (Lair:5)
  43 yaks
  2 hogs (Elf:1)
  2 steam dragons
  2 humans (Elf:1)
  5 basilisks
  A minotaur simulacrum (IceCv)
  21 fire elementals
  32 redbacks
  4 vampire mosquitoes (D:13)
  Edmund (D:6)
  4 wargs
  2 acid dragons
  A hydra simulacrum (IceCv)
  13 water moccasins
  A floating eye (Slime:5)
  2 hell hounds (Spider:2)
  48 orc warriors
  A sky beast (D:8)
  2 black bears
  An ettin simulacrum (IceCv)
  12 ogres
  13 wolves (Lair:5)
  6 centaurs
  A phantom (D:4)
  13 bullfrogs
  2 gnoll sergeants
  31 scorpions
  4 earth elementals
  2 deep troll simulacra (IceCv)
  4 wights (D:9)
  9 killer bees
  2 electric eels (Spider:4)
  2 howler monkeys (D:9)
  3 hounds
  8 jellies
  10 orc priests
  3 iguanas
  26 orc wizards
  2 hell rats (Lair:2)
  6 gnolls
  8 adders
  A river rat (Lair:2)
  2 shadow imps
  2 ufetubi
  3 worms
  A dart slug (D:2)
  101 orcs
  12 ball pythons
  6 bats (D:1)
  8 endoplasms
  2 giant cockroaches
  10 goblins
  3 hobgoblins
  7 jackals
  4 kobolds
  3 quokkas
  3 training dummies (Orc:1)
  7 frilled lizards
  15 rats
1425 creatures vanquished.

Vanquished Creatures (collateral kills)
  An iguana (D:7)
  A white imp (D:7)
  An orc (D:7)
3 creatures vanquished.

Vanquished Creatures (others)
  3 deep elf knights
  A deep elf pyromancer (Elf:2)
  A water elemental (Elf:2)
  A steam dragon (Gauntlet)
  A warg (Depths:4)
  32 foxfires (D:6)
  37 fungi
  211 plants
287 creatures vanquished.

Grand Total: 1715 creatures vanquished

Notes
Turn   | Place    | Note
-------+----------+-------------------------------------------
     0 | D:1      | jasper the Demonspawn Cinder Acolyte began the quest for
                  | the Orb.
     0 | D:1      | Reached XP level 1. HP: 18/18 MP: 2/2
   233 | D:1      | Gained mutation: A meltable shield of frost defends you.
                  | (SH +0) [demonic ancestry]
   233 | D:1      | Reached XP level 2. HP: 22/24 MP: 3/3
   388 | D:1      | Found a faded altar of an unknown god.
   876 | D:2      | Gained mutation: You sometimes gain a little power by
                  | taking damage. [demonic ancestry]
   876 | D:2      | Reached XP level 3. HP: 11/29 MP: 4/4
   949 | D:2      | Found an iron altar of Okawaru.
  1360 | D:2      | You fall into a shaft and drop 1 floor!
  1941 | D:2      | Reached XP level 4. HP: 37/37 MP: 5/5
  2491 | D:3      | Found a burning altar of Makhleb.
  2491 | D:3      | Noticed a blizzard demon
  2494 | D:3      | Noticed a hellwing
  2494 | D:3      | Noticed a ynoxinul
  2609 | D:3      | Found a basalt altar of Yredelemnul.
  2618 | D:3      | Found a hide-covered altar of Uskayaw.
  3042 | D:3      | Found a sacrificial altar of Ru.
  3513 | D:4      | Reached XP level 5. HP: 38/42 MP: 6/6
  3743 | D:4      | Found Midineli's Book Shop.
  3758 | D:4      | Noticed a phantom
  3784 | D:4      | Killed a phantom
  3785 | D:4      | Reached skill level 5 in Maces & Flails
  3785 | D:4      | Reached XP level 6. HP: 30/49 MP: 7/7
  4006 | D:5      | Entered Level 5 of the Dungeon
  4319 | D:5      | Reached skill level 1 in Armour
  4425 | D:5      | Found a shadowy altar of Dithmenos.
  4721 | D:6      | Noticed Edmund
  4742 | D:6      | Killed Edmund
  4743 | D:6      | Reached skill level 5 in Fighting
  4743 | D:6      | Reached XP level 7. HP: 56/56 MP: 8/8
  4790 | D:6      | Found a staircase to the Ecumenical Temple.
  4905 | D:6      | Noticed Grinder
  4927 | D:6      | Paralysed by Grinder for 2 turns
  4928 | D:6      | HP: 1/56 [Grinder/nerve-wracking pain (13)]
  4931 | D:6      | Killed Grinder
  5059 | D:6      | Gained mutation: A meltable icy envelope protects you from
                  | harm. (AC +0) [demonic ancestry]
  5059 | D:6      | Reached XP level 8. HP: 52/64 MP: 9/9
  6118 | D:7      | Gained mutation: You have a small tail. [demonic ancestry]
  6118 | D:7      | Reached XP level 9. HP: 69/71 MP: 10/10
  6769 | D:8      | Found a viscous altar of Jiyva.
  6787 | D:8      | Reached skill level 5 in Armour
  7152 | D:8      | Noticed a two-headed ogre
  7160 | D:8      | Killed a two-headed ogre
  7478 | D:9      | Noticed a two-headed ogre
  7483 | D:9      | Killed a two-headed ogre
  7484 | D:9      | Reached skill level 10 in Maces & Flails
  7484 | D:9      | Reached XP level 10. HP: 49/80 MP: 11/11
  7603 | D:9      | Noticed a two-headed ogre
  7612 | D:9      | Killed a two-headed ogre
  7795 | D:9      | Found a sparkling altar of Nemelex Xobeh.
  8010 | D:9      | Found an ornate altar of the Wu Jian Council.
  8010 | D:9      | Found a radiant altar of Vehumet.
  8440 | D:10     | Entered Level 10 of the Dungeon
  8533 | D:10     | Noticed a gargoyle
  8548 | D:10     | Killed a gargoyle
  8630 | D:10     | Found a large runed translucent door.
  8630 | D:10     | Found a large runed translucent door.
  8630 | D:10     | Noticed Darkkill's ghost (journeyman MiHu)
  8679 | D:10     | Noticed Erica
  8683 | D:10     | Killed Erica
  8904 | D:10     | Gained mutation: A meltable icy envelope protects you from
                  | harm. (AC +0) [demonic ancestry]
  8904 | D:10     | Reached XP level 11. HP: 55/89 MP: 12/12
  9244 | D:11     | Found a gate leading to a gauntlet.
  9247 | D:11     | Noticed Amaemon
  9266 | D:11     | Killed Amaemon
  9286 | Gauntlet | Entered a Gauntlet
  9286 | Gauntlet | Found a transporter.
  9286 | Gauntlet | Found a runed translucent door.
  9286 | Gauntlet | Found a transporter.
  9287 | Gauntlet | Noticed a tengu warrior
  9311 | Gauntlet | Found a transporter.
  9315 | Gauntlet | Found a transporter.
  9323 | Gauntlet | Found a transporter.
  9327 | Gauntlet | Found a transporter.
  9329 | Gauntlet | Noticed a tengu warrior
  9336 | Gauntlet | Found a transporter.
  9351 | Gauntlet | Found a transporter.
  9365 | Gauntlet | Found a transporter.
  9367 | Gauntlet | a shapeshifter changed into a fire crab
  9367 | Gauntlet | Noticed a fire crab (shapeshifter)
  9367 | Gauntlet | a yaktaur changed into a death drake
  9367 | Gauntlet | Noticed a death drake (glowing shapeshifter)
  9368 | Gauntlet | a death drake changed into a fire crab
  9368 | Gauntlet | Noticed a fire crab (glowing shapeshifter)
  9369 | Gauntlet | Found a transporter.
  9372 | Gauntlet | a fire crab changed into a yaktaur
  9374 | Gauntlet | a yaktaur changed into a harpy
  9374 | Gauntlet | Noticed a harpy (glowing shapeshifter)
  9375 | Gauntlet | a harpy changed into a spriggan
  9377 | Gauntlet | Found a transporter.
  9377 | Gauntlet | a fire crab changed into a cyclops
  9381 | Gauntlet | Found a transporter.
  9385 | Gauntlet | Found a runed translucent door.
  9452 | Gauntlet | Killed a tengu warrior
  9515 | Gauntlet | Noticed an alligator
  9515 | Gauntlet | an alligator changed into an ettin
  9515 | Gauntlet | Noticed an ettin (glowing shapeshifter)
  9516 | Gauntlet | an ettin changed into a radroach
  9516 | Gauntlet | Noticed a radroach (glowing shapeshifter)
  9517 | Gauntlet | a radroach changed into a fire dragon
  9517 | Gauntlet | Noticed a fire dragon (glowing shapeshifter)
  9518 | Gauntlet | Noticed an entropy weaver
  9540 | Gauntlet | Reached skill level 1 in Shields
  9540 | Gauntlet | Noticed a four-headed hydra
  9545 | Gauntlet | Identified the staff of death "Lyqobyude" {rF+ rN+ Int+2
                  | Dex-3}
  9546 | Gauntlet | a four-headed hydra changed into a fire dragon
  9546 | Gauntlet | Noticed a fire dragon (glowing shapeshifter)
  9547 | Gauntlet | a fire dragon changed into something unseen
  9549 | Gauntlet | Noticed a spark wasp
  9553 | Gauntlet | a spark wasp changed into a goliath frog
  9553 | Gauntlet | Noticed a goliath frog (glowing shapeshifter)
  9555 | Gauntlet | a goliath frog changed into a great orb of eyes
  9555 | Gauntlet | Noticed a great orb of eyes (glowing shapeshifter)
  9556 | Gauntlet | a great orb of eyes changed into a broodmother
  9556 | Gauntlet | Noticed a broodmother (glowing shapeshifter)
  9567 | Gauntlet | a broodmother changed into something unseen
  9571 | Gauntlet | Noticed a jorogumo
  9606 | Gauntlet | Noticed a skyshark
  9612 | Gauntlet | a culicivora changed into an entropy weaver
  9612 | Gauntlet | Noticed an entropy weaver (shapeshifter)
  9618 | Gauntlet | a skyshark changed into a water nymph
  9622 | Gauntlet | a water nymph changed into a skyshark
  9622 | Gauntlet | Noticed a skyshark (glowing shapeshifter)
  9626 | Gauntlet | a skyshark changed into a mana viper
  9626 | Gauntlet | Noticed a mana viper (glowing shapeshifter)
  9630 | Gauntlet | Killed an entropy weaver
  9635 | Gauntlet | a mana viper changed into a two-headed ogre
  9635 | Gauntlet | Noticed a two-headed ogre (glowing shapeshifter)
  9639 | Gauntlet | Killed a two-headed ogre
  9640 | Gauntlet | Reached skill level 10 in Fighting
  9672 | Gauntlet | Identified the +1 pair of gloves of the Turtledove {rC+
                  | Stlth+}
  9747 | Gauntlet | Identified the ring "Cussurro" {Fire Contam Str+8}
  9747 | Gauntlet | Noticed a minotaur
  9750 | Gauntlet | Found the +7 Kryia's mail coat {PotionHeal*2 rC+}
  9775 | Gauntlet | Killed a minotaur
  9793 | Gauntlet | Got the Anthology of Transmigration
  9802 | Gauntlet | Identified the +0 hat of Oczaner {Will+ Str+3 Dex+3}
  9938 | D:11     | Found a stormy altar of Qazlal.
 10059 | D:11     | Found Atudwusk's Antique Weapon Boutique.
 10062 | D:11     | Found a staircase to the Lair.
 10113 | D:11     | Noticed a two-headed ogre
 10121 | D:11     | Killed a two-headed ogre
 10178 | D:11     | Found a portal to a secret trove of treasure.
 10209 | D:11     | Identified the +2 ring mail of Vanity {rF+}
 10676 | D:2      | Fell from the grace of Ignis
 10676 | D:2      | Became a worshipper of Warmaster Okawaru
 10894 | Lair:1   | Entered Level 1 of the Lair of Beasts
 10978 | Lair:1   | Noticed Joseph
 10985 | Lair:1   | Killed Joseph
 10986 | Lair:1   | Reached skill level 5 in Shields
 11145 | Lair:1   | Reached * piety under Okawaru
 11208 | Lair:1   | Reached XP level 12. HP: 97/97 MP: 13/13
 11214 | Lair:1   | Reached skill level 1 in Invocations
 11452 | Lair:1   | Reached ** piety under Okawaru
 11776 | Lair:2   | Noticed a four-headed hydra
 11789 | Lair:2   | Killed a four-headed hydra
 11965 | Lair:2   | Reached skill level 1 in Throwing
 12048 | Lair:2   | Reached skill level 10 in Armour
 12088 | Lair:2   | Reached *** piety under Okawaru
 13420 | Lair:3   | Noticed a four-headed hydra
 13431 | Lair:3   | Killed a four-headed hydra
 13431 | Lair:3   | Reached **** piety under Okawaru
 13531 | Lair:3   | Received a gift from Okawaru
 13789 | Lair:3   | Noticed Gastronok
 13809 | Lair:3   | Killed Gastronok
 13810 | Lair:3   | Gained mutation: You are partially covered in razor-sharp
                  | scales. (AC +1, Slay +1) [demonic ancestry]
 13810 | Lair:3   | Reached XP level 13. HP: 97/103 MP: 13/15
 13819 | Lair:3   | Reached skill level 10 in Shields
 13844 | Lair:3   | Found a staircase to the Shoals.
 13882 | Lair:3   | Found a hole to the Spider Nest.
 14389 | Lair:3   | Was forgiven by Ignis
 14486 | Spider:1 | Entered Level 1 of the Spider Nest
 14696 | Lair:4   | Reached ***** piety under Okawaru
 14834 | Lair:4   | Found a sparkling altar of Nemelex Xobeh.
 14873 | Lair:4   | Found a runed translucent gate.
 14873 | Lair:4   | Found a runed translucent gate.
 14873 | Lair:4   | Found a runed translucent gate.
 14873 | Lair:4   | Noticed a minotaur
 14875 | Lair:4   | Noticed Irudwodgh's ghost (journeyman DsCj)
 14955 | Lair:4   | Killed Irudwodgh's ghost
 14955 | Lair:4   | Identified the +2 helmet of Magic {Int+3} (Okawaru gifted
                  | it to you on level 4 of the Lair of Beasts)
 14955 | Lair:4   | Received a gift from Okawaru
 14969 | Lair:4   | Killed a minotaur
 15736 | Lair:5   | Entered Level 5 of the Lair of Beasts
 15993 | Lair:5   | Received a gift from Okawaru
 16097 | Lair:5   | Identified the ring of Efuroczi {rPois rN+ rCorr Str+2
                  | Int+2}
 16196 | Lair:5   | Gained mutation: You have a tail ending in a sharp stinger.
                  | [demonic ancestry]
 16196 | Lair:5   | Reached XP level 14. HP: 110/110 MP: 16/16
 16228 | Lair:5   | Received a gift from Okawaru
 16560 | Lair:5   | Found a staircase to the Slime Pits.
 17009 | Lair:5   | Identified the +0 cloak of Plasticity {SInv} (Okawaru
                  | gifted it to you on level 5 of the Lair of Beasts)
 17009 | Lair:5   | Received a gift from Okawaru
 17010 | Lair:5   | Reached skill level 15 in Shields
 17407 | Lair:5   | Reached skill level 5 in Invocations
 17896 | D:12     | Found Ruiv's Assorted Antiques.
 17904 | D:12     | Bought a glowing demon whip for 414 gold pieces
 18012 | D:12     | Found Tiegah's Weapon Boutique.
 18013 | D:12     | Found a staircase to the Orcish Mines.
 18013 | D:12     | Found Jontuk's Armour Boutique.
 18074 | D:12     | Bought a potion of might for 92 gold pieces
 18074 | D:12     | Bought a potion of curing for 69 gold pieces
 18074 | D:12     | Bought a scroll of blinking for 172 gold pieces
 18074 | D:12     | Bought a potion of haste for 230 gold pieces
 18411 | D:12     | Learned a level 2 spell: Wereblood
 18538 | D:12     | Reached skill level 1 in Necromancy
 18593 | Orc:1    | Entered Level 1 of the Orcish Mines
 18885 | Orc:1    | Found Fatyq's Firing Range.
 18905 | Orc:1    | Bought 2 throwing nets for 72 gold pieces
 19094 | Orc:2    | Entered Level 2 of the Orcish Mines
 19103 | Orc:2    | Noticed Nessos
 19151 | Orc:2    | Killed Nessos
 19152 | Orc:2    | Reached skill level 5 in Necromancy
 19254 | Orc:2    | Found Wiso Lott's Antique Weapon Boutique.
 19254 | Orc:2    | Found Poeve's Jewellery Shoppe.
 19296 | Orc:2    | Found a burning altar of Makhleb.
 19492 | Orc:2    | Found Faumycel's Magic Scroll Boutique.
 19533 | Orc:2    | Bought a scroll of fear for 64 gold pieces
 19533 | Orc:2    | Bought 3 scrolls of fear for 192 gold pieces
 19533 | Orc:2    | Bought a scroll of blinking for 120 gold pieces
 19533 | Orc:2    | Bought a scroll of enchant armour for 120 gold pieces
 19533 | Orc:2    | Bought a scroll of fog for 64 gold pieces
 19533 | Orc:2    | Bought a scroll of brand weapon for 152 gold pieces
 19541 | Orc:2    | Found Itovvien's Jewellery Shoppe.
 19636 | Orc:2    | Found a staircase to the Elven Halls.
 19816 | Orc:2    | Reached ****** piety under Okawaru
 20253 | Orc:1    | Noticed Maurice
 20315 | Orc:2    | Killed Maurice
 20359 | Orc:1    | Received a gift from Okawaru
 20829 | D:13     | Gained mutation: You sometimes gain power by taking damage.
                  | [demonic ancestry]
 20829 | D:13     | Reached XP level 15. HP: 95/115 MP: 20/20
 21134 | D:14     | Found a gate to the Vaults.
 21158 | D:14     | Reached skill level 10 in Necromancy
 21412 | D:14     | Received a gift from Okawaru
 21631 | D:14     | Found a hide-covered altar of Uskayaw.
 21856 | D:14     | Received a gift from Okawaru
 21856 | D:14     | Found the +7 Spriggan's Knife {stab, EV+4 Stlth+}
 21927 | D:15     | Entered Level 15 of the Dungeon
 22238 | D:15     | Reached skill level 5 in Throwing
 22284 | D:15     | Received a gift from Okawaru
 22324 | D:15     | Found a staircase to the Depths.
 22708 | Spider:1 | Found a runed translucent door.
 22816 | Spider:1 | Received a gift from Okawaru
 23136 | Spider:1 | Identified the staff of earth "Unad" {rPois rC+ Str-3 Int+5
                  | Dex-5}
 23172 | Spider:1 | Noticed Aizul
 23195 | Spider:1 | Killed Aizul
 23795 | Spider:2 | Noticed Frances
 23808 | Spider:2 | Killed Frances
 23920 | Spider:2 | Noticed Azrael
 23931 | Spider:2 | Received a gift from Okawaru
 23941 | Spider:2 | Killed Azrael
 24078 | Spider:2 | Gained mutation: You have a sharp stinger which inflicts
                  | weakening toxins. [demonic ancestry]
 24078 | Spider:2 | Reached XP level 16. HP: 127/127 MP: 21/21
 24623 | Spider:3 | Paralysed by a jorogumo for 1 turns
 24741 | Spider:3 | Identified the +1 hat of the Illusory Bounties {Str+8
                  | Dex+3} (Okawaru gifted it to you on level 3 of the Spider
                  | Nest)
 24741 | Spider:3 | Received a gift from Okawaru
 25110 | Spider:3 | Noticed Arachne
 25146 | Spider:3 | Killed Arachne
 25587 | Orc:2    | Bought the ring "Nuixae" {+Blink rElec rPois Str+6} for 918
                  | gold pieces
 26379 | Spider:4 | Entered Level 4 of the Spider Nest
 26413 | Spider:4 | Received a gift from Okawaru
 26429 | Spider:4 | Received a gift from Okawaru
 27301 | Spider:4 | Reached XP level 17. HP: 70/137 MP: 15/22
 28094 | Spider:4 | Got a gossamer rune of Zot
 28267 | Shoals:1 | Entered Level 1 of the Shoals
 28368 | Shoals:1 | Reached skill level 10 in Throwing
 28652 | Shoals:1 | Found Saaczyv's Antique Weapon Shop.
 28970 | Shoals:2 | Received a gift from Okawaru
 28986 | Shoals:2 | Found a frozen archway.
 29051 | IceCv    | Entered an ice cave
 29060 | IceCv    | Received a gift from Okawaru
 29632 | IceCv    | Received a gift from Okawaru
 29633 | IceCv    | Reached skill level 15 in Armour
 29640 | IceCv    | Reached skill level 15 in Fighting
 29700 | IceCv    | Noticed an Ice Fiend
 29700 | IceCv    | Noticed an Ice Fiend
 29718 | IceCv    | Killed an Ice Fiend
 29724 | IceCv    | Killed an Ice Fiend
 29729 | IceCv    | Identified the +1 pair of gloves of Space {Will- Str+3
                  | Int+3}
 30588 | Shoals:2 | Received a gift from Okawaru
 30589 | Shoals:2 | Gained mutation: You are mostly covered in razor-sharp
                  | scales. (AC +2, Slay +2) [demonic ancestry]
 30589 | Shoals:2 | Reached XP level 18. HP: 151/151 MP: 23/23
 30972 | Shoals:3 | Noticed Polyphemus
 31007 | Shoals:3 | Killed Polyphemus
 31011 | Shoals:3 | Identified the +2 morningstar of the Apocalypse {freeze,
                  | rF+ rN+ Str+3} (Okawaru gifted it to you on level 3 of the
                  | Shoals)
 31011 | Shoals:3 | Received a gift from Okawaru
 31447 | Shoals:4 | Entered Level 4 of the Shoals
 31953 | Shoals:4 | Got a barnacled rune of Zot
 32284 | Elf:1    | Entered Level 1 of the Elven Halls
 32356 | Elf:1    | Paralysed by an air elemental for 1 turns
 32648 | Elf:1    | Noticed Kirke
 32700 | Elf:1    | Killed Kirke
 32700 | Elf:1    | Identified the +5 chain mail of Duoratwi {Int+6} (Okawaru
                  | gifted it to you on level 1 of the Elven Halls)
 32700 | Elf:1    | Received a gift from Okawaru
 32768 | Elf:1    | Paralysed by an air elemental for 1 turns
 32893 | Elf:1    | Paralysed by an air elemental for 1 turns
 33914 | Elf:2    | Reached XP level 19. HP: 144/162 MP: 24/24
 34075 | Elf:2    | Found a runed translucent gate.
 34077 | Elf:2    | Found a runed translucent gate.
 34077 | Elf:2    | Found a runed translucent gate.
 34117 | Elf:2    | Noticed Roxanne
 34273 | Elf:3    | Entered Level 3 of the Elven Halls
 34800 | Elf:3    | Received a gift from Okawaru
 35220 | Elf:3    | Identified the +0 kite shield "Ackot" {rElec Will++ Dex-4}
                  | (Okawaru gifted it to you on level 3 of the Elven Halls)
 35220 | Elf:3    | Received a gift from Okawaru
 35233 | Elf:3    | Identified the staff of fire "Wimodykh" {rF+ Int+4}
 35610 | Elf:3    | Identified the +2 leather armour of Gallantry {Str+5}
 36069 | Slime:1  | Entered Level 1 of the Pits of Slime
 36071 | Slime:1  | Gained mutation: You are robust. (+10% HP) [a shining eye]
 36076 | Slime:1  | Gained mutation: Your body sometimes deteriorates upon
                  | taking damage. [a shining eye]
 36107 | Slime:1  | Gained mutation: You are dopey. (Int -2) [a shining eye]
 36405 | Slime:4  | Received a gift from Okawaru
 36454 | Slime:5  | Entered Level 5 of the Pits of Slime
 36733 | Slime:5  | Found the +0 staff of Battle
 36736 | Slime:5  | Found a viscous altar of Jiyva.
 36736 | Slime:5  | Noticed the Royal Jelly
 36763 | Slime:5  | Killed the Royal Jelly
 36825 | Slime:5  | Found the +3 giant club "Skullcrusher" {speed, Str+7}
 36826 | Slime:5  | Gained mutation: Your body often deteriorates upon taking
                  | damage. [a shining eye]
 36827 | Slime:5  | Gained mutation: You are occasionally teleported next to
                  | monsters. [a shining eye]
 36830 | Slime:5  | Got a slimy rune of Zot
 36831 | Slime:5  | Found the +3 crown of Dyrovepreva {rElec Int+2 SInv}
 36833 | Slime:5  | Lost mutation: You are robust. (+10% HP) [a shining eye]
 36834 | Slime:5  | Identified the +2 ring mail "Keoj" {rF+}
 36835 | Slime:5  | Identified the +1 helmet of Foeblem {rElec}
 36837 | Slime:5  | Gained mutation: You are frail. (-10% HP) [a shining eye]
 36954 | Slime:4  | Lost mutation: You are occasionally teleported next to
                  | monsters. [potion of mutation]
 36954 | Slime:4  | Lost mutation: You are dopey. (Int -2) [potion of mutation]
 36954 | Slime:4  | Lost mutation: Your body often deteriorates upon taking
                  | damage. [potion of mutation]
 36954 | Slime:4  | Gained mutation: You have a pair of small antennae on your
                  | head. [potion of mutation]
 36954 | Slime:4  | Gained mutation: You are resistant to electric shocks.
                  | (rElec) [potion of mutation]
 36955 | Slime:4  | Lost mutation: Your body sometimes deteriorates upon taking
                  | damage. [potion of mutation]
 36955 | Slime:4  | Lost mutation: You are frail. (-10% HP) [potion of
                  | mutation]
 36955 | Slime:4  | Gained mutation: Your mind is acute. (Int +4, Str/Dex -1)
                  | [potion of mutation]
 36955 | Slime:4  | Gained mutation: Your flesh is heat resistant. (rF+)
                  | [potion of mutation]
 36955 | Slime:4  | Gained mutation: You are strong-willed. (Will+) [potion of
                  | mutation]
 36997 | Slime:1  | Gained mutation: You occasionally lose the ability to read
                  | scrolls when taking damage. [a shining eye]
 37264 | Depths:1 | Entered Level 1 of the Depths
 37304 | D:15     | Received a gift from Okawaru
 37446 | Depths:1 | Gained mutation: You are powered by pain. [demonic
                  | ancestry]
 37446 | Depths:1 | Reached XP level 20. HP: 166/174 MP: 9/25
 37709 | Depths:2 | Found a gateway to Hell.
 37801 | Depths:2 | Found a one-way gate leading to the halls of Pandemonium.
 37863 | Depths:4 | Entered Level 4 of the Depths
 37863 | Depths:4 | Noticed Saint Roka
 37892 | Depths:4 | Noticed a golden dragon
 37905 | Depths:4 | Killed Saint Roka
 37915 | Depths:4 | Killed a golden dragon
 38150 | Depths:4 | Lost mutation: Your flesh is heat resistant. (rF+) [potion
                  | of mutation]
 38150 | Depths:4 | Lost mutation: You are strong-willed. (Will+) [potion of
                  | mutation]
 38150 | Depths:4 | Gained mutation: Your magical capacity is low. (-10% MP)
                  | [potion of mutation]
 38150 | Depths:4 | Lost mutation: Your mind is acute. (Int +4, Str/Dex -1)
                  | [potion of mutation]
 38151 | Depths:4 | Lost mutation: Your magical capacity is low. (-10% MP)
                  | [potion of mutation]
 38151 | Depths:4 | Lost mutation: You are resistant to electric shocks.
                  | (rElec) [potion of mutation]
 38151 | Depths:4 | Gained mutation: Your system is resistant to poisons.
                  | (rPois) [potion of mutation]
 38218 | Depths:4 | Found a gate to the Realm of Zot.
 38411 | Zot:1    | Entered Level 1 of the Realm of Zot
 38487 | Zot:2    | Received a gift from Okawaru
 38668 | Zot:3    | Received a gift from Okawaru
 38715 | Zot:3    | You fall into a shaft and drop 1 floor!
 38747 | Zot:4    | Noticed an orb of fire
 38824 | Zot:4    | Killed an orb of fire
 38861 | Zot:4    | Noticed a golden dragon
 38883 | Zot:4    | Killed a golden dragon
 39116 | Zot:5    | Entered Level 5 of the Realm of Zot
 39324 | Zot:5    | Noticed a dread lich
 39324 | Zot:5    | Noticed an orb of fire
 39324 | Zot:5    | Noticed a dread lich
 39324 | Zot:5    | Noticed a dread lich
 39324 | Zot:5    | Noticed a Killer Klown
 39324 | Zot:5    | Paralysed by a dread lich for 3 turns
 39329 | Zot:5    | Gained mutation: Your body sometimes deteriorates upon
                  | taking damage. [an orb of fire]
 39869 | Zot:5    | Gained mutation: You are completely covered in razor-sharp
                  | scales. (AC +3, Slay +3) [demonic ancestry]
 39869 | Zot:5    | Reached XP level 21. HP: 173/186 MP: 26/26
 39871 | Zot:5    | Gained mutation: Your spells are a little easier to cast,
                  | but a little less powerful. [an orb of fire]
 39877 | Zot:5    | Noticed an orb of fire
 39883 | Zot:5    | Noticed a Killer Klown
 39893 | Zot:5    | Killed an orb of fire
 39893 | Zot:5    | Received a gift from Okawaru
 39899 | Zot:5    | Killed an orb of fire
 39900 | Zot:5    | Received a gift from Okawaru
 39905 | Zot:5    | Noticed an ancient lich
 39906 | Zot:5    | Noticed an orb of fire
 39931 | Zot:5    | Gained mutation: You are vulnerable to heat. (rF-) [an orb
                  | of fire]
 39934 | Zot:5    | Gained mutation: Potions are less effective at restoring
                  | your health. [an orb of fire]
 39940 | Zot:5    | Noticed a dread lich
 39948 | Zot:5    | Killed an orb of fire
 39959 | Zot:5    | Killed a dread lich
 39959 | Zot:5    | Received a gift from Okawaru
 40077 | Zot:5    | Killed a dread lich
 40077 | Zot:5    | Received a gift from Okawaru
 40101 | Zot:5    | Killed an ancient lich
 40115 | Zot:5    | Killed a Killer Klown
 40124 | Zot:5    | Killed a Killer Klown
 40248 | Zot:5    | Paralysed by a dread lich for 5 turns
 40254 | Zot:5    | Killed a dread lich
 40674 | Zot:5    | Got the Orb of Zot
 40694 | Zot:4    | HP: 3/189 [white draconian stormcaller/divine providence
                  | (11)]
 40700 | Zot:4    | Engulfed by a death drake's foul pestilence

Illustrated notes

Levels and vault maps discovered:
D:1:      pf_arrival_petrified_forest, layout_basic,
          shapermc_ecumenical_altar_acropolis, grunt_decor_mini_mirrors
D:2:      layout_basic, basic_altar
D:3:      layout_loops_ring, makhleb_altar_promises_db,
          mainiacjoe_overflow_alcove_1, mainiacjoe_overflow_swirl,
          tso_metal_star
D:4:      layout_basic, serial_shops, nicolae_shop_hallway_plus,
          kennysheep_cross_room
D:5:      layout_rooms, grunt_dithmenos_smoke
D:6:      layout_loops_ring, temple_doors_cd, minmay_fractal_squares_5,
          uniq_edmund, uniq_grinder
D:7:      layout_rooms
D:8:      layout_loops_corners, jiyva_altar_1
D:9:      layout_gridville, gammafunk_temple_overflow_wave,
          lemuel_coloured_pillars_altar
D:10:     layout_basic, ebering_ghost_disaster_area, uniq_erica
D:11:     layout_small_grid, lair_entry_dummy, gauntlet_entry_generic,
          serial_shops, shop, nicolae_trove_entry_isolated,
          nicolae_qazlal_scattered_showers, uniq_amaemon
D:12:     layout_roguey, orc_david_3, serial_shops, nicolae_shop_waterfront
D:13:     layout_roguey
D:14:     layout_gridville, erik_vaults_1, nicolae_uskayaw_en_pointe
D:15:     grunt_enter_depths_hoard, layout_rooms
Lair:1:   layout_regular_city, pdpol_lair_neglected_garden, uniq_joseph
Lair:2:   layout_cave_pods, serial_rivers, chequers_serial_rivers_micro_b,
          chequers_serial_rivers_room_b, chequers_serial_rivers_small_b,
          chequers_serial_rivers_large_a, chequers_serial_rivers_micro_e,
          chequers_serial_rivers_marsh, kennysheep_abandoned_house
Lair:3:   minmay_lair_oklob_tunnel, layout_cave_pods,
          minmay_shoals_entry_beasts, spider_nest_entry_a, serial_bayou_shore_b,
          infiniplex_staircase_pool_2, uniq_gastronok
Lair:4:   layout_regular_city, maelrawn_ghost_gauntlet_escape, basic_altar,
          serial_bayou_pond_d, chequers_serial_rivers_micro_a
Lair:5:   gammafunk_lair_ancient_temple, layout_small_grid, slime_entry_1
Shoals:1: layout_shoals, serial_shops, shop_fountains
Shoals:2: cheibrodos_shoals_epimethial_gifts, layout_shoals,
          portal_ice_cave_entry_pillars_1, st_cyclops
Shoals:3: layout_shoals, uniq_polyphemus
Shoals:4: shoals_end_grunt_garden, layout_shoals
Spider:1: cheibrodos_spider_deadly_dance, nicolae_spider_nook,
          hangedman_spider_tarantella_strand, uniq_aizul
Spider:2: layout_spider_delve, uniq_frances, uniq_azrael
Spider:3: spiders_nest_a, uniq_arachne
Spider:4: spider_rune_water
Slime:1:  layout_caves
Slime:2:  layout_caves, uniq_dissolution
Slime:3:  layout_caves
Slime:4:  layout_caves, cheibrodos_slime_lost_civilization_5
Slime:5
Orc:1:    layout_diamond_mine, nicolae_shop_firing_range, uniq_maurice
Orc:2:    st_orc_town, layout_caves, basic_altar, nicolae_orc_flooded_monolith,
          uniq_nessos
Elf:1:    elf_arrival_001, layout_onion_city, hangedman_elf_represent,
          uniq_kirke
Elf:2:    elven_hall_of_blades_hangedman_original [nicolae_blade_tridents],
          layout_loops_corners, uniq_roxanne
Elf:3:    minmay_elf_hall_dome, layout_rooms, serial_sigils_hangedman_shear
Depths:1: layout_twisted_cross, lightli_too_deep, dk_noncrumbling_2,
          gammafunk_ghost_tricky_traps, okawaru_gym_becter,
          serial_bayou_shore_a, grunt_megastairs_2
Depths:2: minmay_tri_box, layout_gridville, enter_ziggurat_c, hell_entry,
          minmay_misc_feat_columns, abyss_entry, pan_entry,
          minmay_strange_pillars, nicolae_shop_overcharged_wands,
          infiniplex_staircase_pillars_3a
Depths:3: minmay_octagon_city, layout_long_grid, hell_entry,
          kennysheep_cluttered_room, abyss_entry_flame_altar, uniq_margery
Depths:4: evilmike_zot_entry_basic, layout_cave_shapes, serial_shops, shop,
          minmay_misc_feat_doors, abyss_entry, grunt_hell_entry_dis_mu,
          uniq_saint_roka
Zot:1:    layout_onion, nicolae_transmutations_shop,
          nicolae_transporter_intersection
Zot:2:    layout_basic
Zot:3:    layout_basic
Zot:4:    lemuel_draconian_sentries, layout_cathedral_of_symmetry
Zot:5:    layout_cathedral_of_symmetry

Skill      XL: |  1  2  3  4  5  6  7  8  9 10 11 12 13 14 15 16 17 18 19 20 21 |
---------------+----------------------------------------------------------------+-----
Maces & Flails | 3 4 5 6 7 8 10 11 12 | 12.0
Fighting       | 4 5 6 8 9 10 11 13 15 17 19 21 22 | 22.2
Armour         | 1 2 4 5 7 9 10 11 13 16 18 20 21 22 | 22.4
Shields        | 5 9 13 15 | 15.0
Invocations    | 3 7 |  7.3
Throwing       | 3 6 9 10 | 10.0
Necromancy     | 8 10 | 10.0
Spellcasting   | |  1.0
Fire Magic     | |  2.6

Action                     |  1- 3 |  4- 6 |  7- 9 | 10-12 | 13-15 | 16-18 | 19-21 || total
---------------------------+-------+-------+-------+-------+-------+-------+-------++-------
  Melee: Mace              |   141 |   155 |       |       |       |       |       ||   296
         Punch             |       |     3 |     2 |     2 |       |       |       ||     7
         Flail             |       |       |   208 |   101 |       |       |       ||   309
         Tailslap          |       |       |     9 |   129 |   344 |   266 |   294 ||  1042
         Morningstar       |       |       |       |    80 |       |       |       ||    80
         Demon whip        |       |       |       |   617 |  1841 |  1428 |  1183 ||  5069
         Unarmed           |       |       |       |       |     3 |       |       ||     3
  Throw: Stone             |       |     5 |     2 |    13 |     2 |       |       ||    22
         Dart              |       |       |     4 |       |     2 |       |       ||     6
         Boomerang         |       |       |       |       |    54 |   421 |   206 ||   681
         Javelin           |       |       |       |       |       |     6 |    35 ||    41
 Invoke: Foxfire Swarm     |       |     2 |       |       |       |       |       ||     2
         Heroism           |       |       |       |     2 |     8 |     9 |    13 ||    32
         Finesse           |       |       |       |       |     3 |    10 |    13 ||    26
  Evoke: Wand              |       |       |     1 |     7 |     4 |     3 |     2 ||    17
         Condenser vane    |       |       |       |       |     1 |     6 |     5 ||    12
    Use: Scroll            |     5 |     9 |     5 |    10 |    14 |    10 |    19 ||    72
         Potion            |       |       |     3 |     3 |     1 |     9 |    22 ||    38
   Stab: Invisible         |       |       |       |     3 |     1 |       |       ||     4
         Confused          |       |       |       |       |     1 |     4 |       ||     5
 Armour: Robe              |    25 |     1 |       |       |       |       |       ||    26
         Leather armour    |       |    19 |       |       |       |       |       ||    19
         Ring mail         |       |    32 |       |       |       |       |       ||    32
         Scale mail        |       |     3 |    44 |       |       |       |       ||    47
         Plate armour      |       |       |   154 |   178 |       |       |       ||   332
         Gold dragon scale |       |       |       |   204 |   871 |  1094 |   575 ||  2744
         Skin              |       |       |       |       |     7 |       |       ||     7
  Dodge: Dodged            |    94 |   106 |    82 |   129 |   211 |   219 |   161 ||  1002
  Block: Other             |    25 |    35 |    44 |    46 |     2 |     2 |       ||   154
         Kite shield       |       |       |       |   295 |  1176 |  1191 |   621 ||  3283

Table legend: (Time is in decaauts)
 A = Elapsed time spent in this place.
 B = Non-inter-level travel time spent in this place.
 C = Inter-level travel time spent in this place.
 D = Time resting spent in this place.
 E = Time spent auto-exploring this place.
 F = Levels seen in this place.
 G = Mean time per level.
                   A        B        C        D        E       F      G
               +--------+--------+--------+--------+--------+-----+--------+
         Total |  38800 |  34986 |   3814 |   3474 |  20477 |  49 |  791.8 |
       Dungeon |  13995 |  12349 |   1646 |    913 |   8294 |  15 |  933.0 |
          Lair |   6786 |   5980 |    806 |     68 |   3955 |   5 | 1357.2 |
        Shoals |   2908 |   2726 |    182 |     46 |   1732 |   4 |  727.0 |
   Spider Nest |   4867 |   4456 |    411 |    400 |   2655 |   4 | 1216.8 |
    Slime Pits |    809 |    769 |     40 |    463 |      7 |   5 |  161.8 |
  Orcish Mines |   1914 |   1492 |    422 |     11 |    947 |   2 |  957.0 |
   Elven Halls |   3348 |   3082 |    266 |    228 |   1834 |   3 | 1116.0 |
        Depths |    851 |    844 |      7 |    272 |    182 |   4 |  212.8 |
           Zot |   1957 |   1926 |     31 |    602 |    442 |   5 |  391.4 |
      Ice Cave |    858 |    858 |      0 |    357 |    290 |   1 |  858.0 |
      Gauntlet |    502 |    502 |      0 |    112 |    137 |   1 |  502.0 |
               +--------+--------+--------+--------+--------+-----+--------+

Top non-repeatable levels by time:
  Lair:5: 1790 daAuts
Spider:4: 1712 daAuts
  Lair:2: 1652 daAuts
   Zot:5: 1366 daAuts
   Elf:1: 1344 daAuts
  Lair:3: 1322 daAuts
Spider:3: 1316 daAuts
   Orc:2: 1287 daAuts
     D:6: 1238 daAuts
     D:2: 1215 daAuts
     D:3: 1175 daAuts
  Lair:4: 1170 daAuts
     D:9: 1094 daAuts
    D:12: 1072 daAuts
   Elf:3: 1057 daAuts
